 Dungeon Crawl Stone Soup version 0.23-a0-87-g5f73bc1 (webtiles) character file.

52 digijack the Sneak (level 4, 0/27 HPs)
             Began as a Kobold Assassin on Aug 14, 2018.
             Succumbed to a kobold's poison
             ... on level 3 of the Dungeon.
             The game lasted 00:07:57 (2031 turns).

digijack the Sneak (Kobold Assassin)                Turns: 2031, Time: 00:07:57

Health: 0/27       AC:  3    Str:  8    XL:     4   Next: 8%
Magic:  4/4        EV: 15    Int: 12    God:
Gold:   50         SH:  0    Dex: 17    Spells: 3/3 levels left

rFire    . . .     SeeInvis .   h - +1 dagger (vamp)
rCold    . . .     Gourm    .   (shield restricted)
rNeg     . . .     Faith    .   c - +0 robe
rPois    .         Spirit   .   (no helmet)
rElec    .         Reflect  .   d - +0 cloak
rCorr    .         Harm     .   (no gloves)
MR       .....                  (no boots)
Stlth    +++.......             b - amulet of regeneration
HPRegen  0.09/turn              (no ring)
MPRegen  0.09/turn              (no ring)

@: lethally poisoned (0 -> -11)
A: small, carnivore
a: no special abilities


You were on level 3 of the Dungeon.
You were very full.

You visited 1 branch of the dungeon, and saw 3 of its levels.

You collected 50 gold pieces.

Inventory:

Hand Weapons
 h - a +1 vampiric dagger (weapon)
Missiles
 e - 33 stones (quivered)
Armour
 c - a +0 robe (worn)
 d - a +0 cloak (worn)
Jewellery
 b - an amulet of regeneration (around neck)
Scrolls
 a - 3 scrolls of identify
 k - a scroll of amnesia
Potions
 i - a potion of brilliance
Comestibles
 g - 3 rations


   Skills:
 + Level 2.7 Fighting
 + Level 3.4 Short Blades
 - Level 2.1 Throwing
 + Level 2.1 Dodging
 * Level 6.2 Stealth


You had 3 spell levels left.
You didn't know any spells.
Your spell library was empty.

Dungeon Overview and Level Annotations

Branches:
Dungeon (3/15)

Altars:
Vehumet


Innate Abilities, Weirdness & Mutations

You are small and have problems with some larger weapons.
You are carnivorous and can eat meat at any time.


Message History

You feel sick.
You see here a lumpy jade amulet.
b - a lumpy jade amulet You feel sick.
You sense that the amulet cannot attune itself to your injured body.
b - an amulet of regeneration (around neck)
You feel sick.
* * * LOW HITPOINT WARNING * * *
You feel sick.
* * * LOW HITPOINT WARNING * * *
You feel sick.
* * * LOW HITPOINT WARNING * * *
You feel sick.
* * * LOW HITPOINT WARNING * * *
You feel sick.
* * * LOW HITPOINT WARNING * * *
You feel sick.
* * * LOW HITPOINT WARNING * * *
You feel sick.
You die...

## )# . (#######
.## ........ ...
.########### ##.#
.# #...##.##.##
.#######.#........
...........# #.#
########..## #@#
#>.# #.#
#.####..######.#
#(.)(((.).....#
....####$.########
# #..# #..# #..#
#..#


There were no monsters in sight!

Vanquished Creatures
  A shadow imp (D:3)
  2 worms (D:2)
  An orc (D:3)
  A giant cockroach (D:1)
  4 goblins
  4 hobgoblins (D:1)
  5 jackals (D:1)
  A quokka (D:2)
  A ball python (D:3)
  5 bats
  3 frilled lizards
  5 kobolds
  2 rats
35 creatures vanquished.

Notes
Turn   | Place    | Note
-------+----------+-------------------------------------------
     0 | D:1      | digijack the Kobold Assassin began the quest for the Orb.
     0 | D:1      | Reached XP level 1. HP: 12/12 MP: 1/1
   372 | D:1      | Reached XP level 2. HP: 5/18 MP: 2/2
  1003 | D:1      | Reached XP level 3. HP: 20/22 MP: 3/3
  1287 | D:2      | Found a radiant altar of Vehumet.
  1293 | D:2      | Reached skill level 6 in Stealth
  1983 | D:3      | Reached XP level 4. HP: 17/27 MP: 4/4
  2030 | D:3      | HP: 1/27 [poisoned by a kobold]
  2031 | D:3      | Succumbed to a kobold's poison

Vault maps used:
D:1:      wheals_arrival_shading, serial_forest, infiniplex_forest_lined_ring,
          infiniplex_forest_straight_2, infiniplex_forest_zigzag_1,
          infiniplex_forest_lined_4_way, infiniplex_forest_diagonal,
          infiniplex_forest_lined_room_
D:2:      nicolae_overflow_crystal_walls
D:3:      nicolae_overflow_hidden_temple

Skill      XL: |  1  2  3 |
---------------+----------+-----
Short Blades   | 3 |  3.4
Dodging        | 2 |  2.1
Stealth        | 6 |  6.2
Fighting       | |  2.7
Throwing       | |  2.1

Action                   |  1- 3 |  4- 6 || total
-------------------------+-------+-------++-------
Melee: Dagger            |   167 |    13 ||   180
Throw: Stone             |     4 |       ||     4
  Use: Scroll            |     5 |       ||     5
 Stab: Sleeping          |     6 |       ||     6
  Eat: Chunk             |    15 |     1 ||    16
Armor: Robe              |    50 |       ||    50
Dodge: Dodged            |   175 |    11 ||   186

Table legend:
 A = Non-vault XP
 B = Vault XP
 C = Vault XP percentage of total XP
 D = Non-vault monster count
 E = Vault monster count
 F = Vault count percentage of total count
 G = Total turns spent on level
                 A         B        C        D         E       F
            +---------+---------+-------+---------+---------+-------
      Total |      75 |       0 |   0.0 |      35 |       0 |   0.0
            +---------+---------+-------+---------+---------+-------
        D:1 |      30 |       0 |   0.0 |      17 |       0 |   0.0
        D:2 |      21 |       0 |   0.0 |       9 |       0 |   0.0
        D:3 |      24 |       0 |   0.0 |       9 |       0 |   0.0
            +---------+---------+-------+---------+---------+-------
